 Dungeon Crawl Stone Soup version 0.24-a0-361-g57161393b2 (webtiles) character file.

Game seed: 9391370141691548628

33715 Inarius the Arsonist (level 13, -5/76 HPs)
             Began as a Deep Elf Fire Elementalist on May 26, 2019.
             Was a High Priest of Vehumet.
             Slain by a six-headed hydra (16 damage)
             ... on level 4 of the Lair of Beasts.
             The game lasted 01:00:15 (19521 turns).

Inarius the Arsonist (Deep Elf Fire Elementalist)  Turns: 19521, Time: 01:00:16

Health: -5/76      AC: 11    Str:  9    XL:     13   Next: 38%
Magic:  45/45      EV: 10    Int: 26    God:    Vehumet [*****.]
Gold:   783        SH:  7    Dex:  6    Spells: 8/35 levels left

rFire    + + +     SeeInvis .   S - staff of power
rCold    . . .     Gourm    .   s - +0 shield
rNeg     . . .     Faith    .   d - +1 robe of the Lich-sworn {rElec rF+++ MR+++ Dex-4}
rPois    +         Spirit   .   (no helmet)
rElec    +         Reflect  .   y - +0 cloak
rCorr    .         Harm     .   g - +0 pair of gloves
MR       ++++.                  (no boots)
Stlth    +++.......             R - amulet of magic regeneration
HPRegen  0.22/turn              a - +6 ring of protection
MPRegen  0.54/turn              i - ring "Veskas" {rPois Str+4 Dex-5 Stlth+}

@: no status effects
A: no striking features
a: Renounce Religion


You were on level 4 of the Lair of Beasts.
You worshipped Vehumet.
Vehumet was extremely pleased with you.
You were not hungry.

You visited 3 branches of the dungeon, and saw 17 of its levels.

You collected 908 gold pieces.
You spent 125 gold pieces at shops.

Inventory:

Hand Weapons
 I - a +3 dagger of venom
Missiles
 u - 8 javelins (quivered)
Armour
 d - the +1 robe of the Lich-sworn (worn) {rElec rF+++ MR+++ Dex-4}
   (You bought it in a shop on level 9 of the Dungeon)

   It affects your dexterity (-4).
   It renders you almost immune to fire.
   It insulates you from electricity.
   It affects your resistance to hostile enchantments.
 g - a +0 pair of gloves (worn)
 s - a +0 shield (worn)
 y - a +0 cloak (worn)
 T - a +2 robe of positive energy
Magical Staves
 S - an uncursed staff of power (weapon)
Jewellery
 a - a +6 ring of protection (left hand)
 i - the ring "Veskas" (right hand) {rPois Str+4 Dex-5 Stlth+}
   (You acquired it on level 10 of the Dungeon)

   [ring of strength]

   It affects your strength (+4).
   It affects your dexterity (-5).
   It protects you from poison.
   It makes you more stealthy.
 v - an uncursed ring of resist corrosion
 w - an uncursed ring of wizardry
 D - a +4 ring of evasion
 G - an uncursed ring of protection from magic
 J - an uncursed ring of protection from magic
 M - a +4 ring of evasion
 R - an amulet of magic regeneration (around neck)
Wands
 m - a wand of flame (20)
 q - a wand of enslavement (11)
 C - a wand of paralysis (6)
 H - a wand of acid (19)
 N - a wand of clouds (7)
 Q - a wand of polymorph (8)
Scrolls
 b - 6 scrolls of remove curse
 h - 7 scrolls of teleportation
 j - 6 scrolls of immolation
 l - 4 scrolls of blinking
 n - 2 scrolls of enchant armour {unknown}
 r - 4 scrolls of enchant weapon
 x - 3 scrolls of fog {unknown}
 B - a scroll of amnesia
 F - a scroll of silence
 L - 3 scrolls of fear
 P - 2 scrolls of noise
Potions
 e - 3 potions of brilliance
 f - 2 potions of flight
 k - a potion of curing
 o - a potion of resistance {unknown}
 p - 2 potions of mutation {unknown}
 t - a potion of heal wounds
 z - 4 potions of haste
 A - 4 potions of magic {unknown}
 E - 2 potions of agility {unknown}
 K - 2 potions of berserk rage {unknown}
 V - a potion of cancellation {unknown}
Comestibles
 c - 24 rations
 O - 6 chunks of flesh


   Skills:
 * Level 7.3 Fighting
 - Level 1.5 Short Blades
   Level 0.7(0.8) Polearms
 + Level 0.4(1.0) Staves
 + Level 6.0 Dodging
 - Level 2.4 Stealth
 + Level 2.1 Shields
 + Level 0.6 Unarmed Combat
 + Level 11.8 Spellcasting
 + Level 11.0 Conjurations
 * Level 14.6 Fire Magic
 * Level 8.6 Evocations


You had 8 spell levels left.
You knew the following spells:

 Your Spells              Type           Power        Failure   Level  Hunger
b - Throw Flame           Conj/Fire      ######       1%          2    None
c - Conjure Flame         Conj/Fire      ######..     1%          3    None
d - Sticky Flame          Conj/Fire      ######..     1%          4    None
e - Fireball              Conj/Fire      ######....   1%          5    ###....
f - Throw Frost           Conj/Ice       #####.       1%          2    None
g - Bolt of Fire          Conj/Fire      ######....   4%          6    #####..
i - Bolt of Magma         Conj/Fire/Erth ######....   4%          5    ###....

Your spell library contained the following spells:

 Spells                   Type           Power        Failure   Level  Hunger
 Bolt of Draining         Conj/Necr      #####.....   16%         5    ###....
 Flame Tongue             Conj/Fire      #####        1%          1    None
 Sting                    Conj/Pois      ####         1%          1    None
 Inner Flame              Hex/Fire       ######..     1%          3    None
 Ignite Poison            Fire/Tmut/Pois #####...     2%          3    None
 Mephitic Cloud           Conj/Pois/Air  ####....     4%          3    None
 Venom Bolt               Conj/Pois      #####.....   16%         5    ###....
 Animate Skeleton         Necr           N/A          21%         1    None
 Apportation              Tloc           ###...       21%         1    None
 Confusing Touch          Hex            ###...       21%         1    None
 Summon Small Mammal      Summ           ###.         21%         1    None
 Poisonous Vapours        Pois/Air       ###...       30%         2    None
 Olgreb's Toxic Radiance  Pois           ###.....     45%         4    None
 Ignition                 Fire           #######...   58%         8    #######
 Yara's Violent Unravell  Hex/Tmut       ###.......   78%         5    ###....
 Cause Fear               Hex            ###.......   90%         4    None
 Silence                  Hex/Air        ###.......   99%         5    ###....
 Deflect Missiles         Chrm/Air       ###.......   100%        6    #####..
 Ring of Flames           Chrm/Fire      ######....   100%        7    ######.
 Discord                  Hex            ###.......   100%        8    #######


Dungeon Overview and Level Annotations

Branches:
Dungeon (12/15)            Temple (1/1) D:4            Lair (4/6) D:8
 Shoals (0/4) Lair:4       Spider (0/4) Lair:3          Orc (0/2) D:11

Altars:
Ashenzari
Cheibriados
Dithmenos
Elyvilon
Fedhas
Gozag
Hepliaklqana
Kikubaaqudgha
Makhleb
Nemelex Xobeh
Okawaru
Qazlal
Ru
Sif Muna
Trog
Uskayaw
Vehumet
Wu Jian
Xom
Yredelemnul
Zin
The Shining One

Shops:
D:8 =   D:9 [   D:11 *

Annotations:
D:3 3 runed translucent doors, Lanoc's ghost, amateur DrWn
D:4 1 runed translucent door, eyesofgods1's ghost, amateur FoAK
D:7 1 runed translucent door, crawlian's ghost, novice DEFE


Message History

Okay, then.
Casting: Throw Frost (safe; 1% risk of failure)
Confirm with . or Enter, or press ? or * to list all spells.
Aiming: Throw Frost (safe; 1% risk of failure)
Press: ? - help, Shift-Dir - straight line, f/p - six-headed hydra
Aim: a six-headed hydra (lightly wounded)
The puff of frost hits the six-headed hydra.
The six-headed hydra is lightly wounded.
Unknown command.
The six-headed hydra closely misses you. x3
The six-headed hydra bites you! The six-headed hydra bites you. x2
A komodo dragon comes into view.
The six-headed hydra bites you.
The six-headed hydra closely misses you.
The six-headed hydra bites you. The six-headed hydra bites you!
* * * LOW HITPOINT WARNING * * *
The six-headed hydra bites you.
* * * LOW HITPOINT WARNING * * *
The six-headed hydra bites you!
You die...

.........####...##
.........##.#....#
..k......###...#.##
.............###..#
.lY........).#.#..##
............#......#
#...........#....###
#......######..#D##
.<......##l.##.#@.#
......###....#.#..##
+....## #.....#...#
#..##.# #....#.#..##
##.# ##.....#.#..##
# ## #.... #.#...# #
####. #.#..## # ##
#.#..# ## .###.#..#


You could see a six-headed hydra.

Vanquished Creatures
  Erolcha (D:10)
  Harold (Lair:1)
  A hydra (D:11)
  Erica (Lair:2)
  3 death yaks (Lair:4)
  Sonja (Lair:1)
  Pikel (D:7)
  2 oklob plants (Lair:2)
  A cyclops (D:11)
  4 merfolk sirens (Lair:4)
  13 elephants
  2 black mambas (Lair:3)
  Maurice (D:8)
  3 centaur zombies
  A gargoyle (D:11)
  5 spiny frogs
  3 rime drakes
  3 komodo dragons
  3 jumping spiders (Lair:3)
  A hornet (D:7)
  A troll (D:9)
  3 blink frogs (Lair:3)
  9 hippogriffs
  A spriggan (D:8)
  2 wyverns
  3 redbacks (Lair:3)
  Grum (D:8)
  15 yaks
  A hungry ghost (D:7)
  6 basilisks
  2 chaos spawn (D:8)
  9 water moccasins
  2 orc warriors
  10 porcupines
  2 ice beasts
  3 sky beasts
  6 black bears
  6 ogres
  10 wolves
  7 centaurs
  A phantom (D:6)
  4 crocodiles
  2 big kobolds
  13 bullfrogs
  A water moccasin zombie (D:9)
  A wyvern zombie (D:7)
  2 earth elementals (D:11)
  A wyvern skeleton (D:6)
  A scorpion (D:11)
  11 killer bees
  3 howler monkeys (D:11)
  3 crimson imps
  3 bullfrog zombies
  9 orc priests
  2 hounds
  A jelly (D:8)
  A centaur skeleton (D:4)
  4 iguanas
  9 orc wizards
  6 worker ants
  A statue (D:7)
  A killer bee zombie (D:6)
  A hound skeleton (D:10)
  8 adders
  A gnoll (D:8)
  A howler monkey skeleton (D:6)
  2 shadow imps
  3 oozes
  An adder zombie (D:7)
  4 adder skeletons
  6 worms
  2 dart slugs
  3 leopard geckos
  44 orcs
  11 giant cockroaches
  6 goblins
  9 hobgoblins
  18 jackals
  21 kobolds
  2 quokkas
  7 bats
  2 frilled lizards
  A leopard gecko skeleton (D:5)
  A quokka skeleton (D:8)
  18 rats
402 creatures vanquished.

Vanquished Creatures (collateral kills)
  A scorpion (D:8)
  An orc (D:7)
2 creatures vanquished.

Vanquished Creatures (others)
  Nergalle (D:11)
  A wyvern (D:7)
  An orc warrior (D:6)
  4 slaves (D:8)
  A phantom (D:8)
  A big kobold (D:8)
  A hound (D:7)
  An iguana (D:8)
  A worker ant (D:6)
  A leopard gecko (D:8)
  A bush (Lair:4)
  7 fungi
  2 plants
23 creatures vanquished.

Grand Total: 427 creatures vanquished

Notes
Turn   | Place    | Note
-------+----------+-------------------------------------------
     0 | D:1      | Inarius the Deep Elf Fire Elementalist began the quest for
                  | the Orb.
     0 | D:1      | Reached XP level 1. HP: 10/10 MP: 6/6
    10 | D:1      | Noticed an electric eel
   236 | D:1      | Reached XP level 2. HP: 15/15 MP: 6/8
   455 | D:1      | Learned a level 2 spell: Throw Flame
   733 | D:1      | Reached XP level 3. HP: 17/20 MP: 7/10
   899 | D:2      | Noticed an ogre
   946 | D:2      | Reached skill level 4 in Fire Magic
  1120 | D:2      | Reached skill level 1 in Fighting
  1261 | D:2      | Learned a level 3 spell: Conjure Flame
  1310 | D:2      | Found an opulent altar of Gozag.
  1335 | D:2      | Reached XP level 4. HP: 17/25 MP: 1/11
  2177 | D:3      | Reached XP level 5. HP: 29/29 MP: 0/13
  2284 | D:3      | Found a sparkling altar of Nemelex Xobeh.
  2659 | D:3      | Reached skill level 5 in Fire Magic
  2739 | D:3      | Reached XP level 6. HP: 34/34 MP: 9/14
  2828 | D:3      | Learned a level 4 spell: Sticky Flame
  2872 | D:3      | Found a runed translucent gate.
  2873 | D:3      | Found a runed translucent gate.
  2875 | D:3      | Found a runed translucent gate.
  2875 | D:3      | Noticed Lanoc's ghost (amateur DrWn)
  3126 | D:3      | Found a sparkling altar of Nemelex Xobeh.
  3675 | D:4      | Reached skill level 5 in Spellcasting
  3946 | D:4      | Reached skill level 6 in Fire Magic
  4121 | D:4      | Found a runed translucent door.
  4121 | D:4      | Noticed eyesofgods1's ghost (amateur FoAK)
  4130 | D:4      | Reached XP level 7. HP: 38/40 MP: 10/16
  4224 | D:4      | Found a deep blue altar of Sif Muna.
  4226 | D:4      | Found a glowing silver altar of Zin.
  4838 | D:4      | Found a staircase to the Ecumenical Temple.
  5114 | Temple   | Entered the Ecumenical Temple
  5263 | D:5      | Entered Level 5 of the Dungeon
  5416 | D:5      | Learned a level 5 spell: Fireball
  6081 | D:6      | Reached skill level 7 in Fire Magic
  6081 | D:6      | Reached XP level 8. HP: 39/45 MP: 4/18
  6116 | D:6      | Found a shimmering altar of Xom.
  6356 | D:6      | Found a bloodstained altar of Trog.
  6850 | D:6      | Reached skill level 5 in Conjurations
  6850 | D:6      | Reached skill level 8 in Fire Magic
  6928 | D:6      | Found a bloodstained altar of Trog.
  7212 | D:7      | Reached skill level 9 in Fire Magic
  7232 | D:7      | Reached XP level 9. HP: 51/51 MP: 5/19
  7277 | D:7      | Found a radiant altar of Vehumet.
  7706 | D:7      | Became a worshipper of Vehumet
  7826 | D:7      | Reached skill level 1 in Evocations
  8349 | D:7      | Found a white marble altar of Elyvilon.
  8349 | D:7      | Found a shattered altar of Ashenzari.
  8467 | D:7      | Noticed crawlian's ghost (novice DEFE)
  8468 | D:7      | Found a runed translucent door.
  8495 | D:7      | Reached skill level 10 in Fire Magic
  8755 | D:8      | Noticed Pikel
  8879 | D:7      | Killed Pikel
  8879 | D:7      | Reached skill level 1 in Short Blades
  8997 | D:8      | Noticed Grum
  9005 | D:7      | Reached XP level 10. HP: 49/57 MP: 8/20
  9076 | D:8      | Found Cefrakuw's Jewellery Boutique.
  9103 | D:8      | Reached skill level 11 in Fire Magic
  9200 | D:7      | Reached * piety under Vehumet
  9200 | D:7      | Offered knowledge of Shock by Vehumet.
  9302 | D:8      | Killed Grum
  9541 | D:8      | Found a staircase to the Lair.
  9578 | D:8      | Reached skill level 1 in Shields
  9621 | D:8      | Noticed Maurice
  9700 | D:8      | Killed Maurice
  9904 | D:8      | Found a glowing golden altar of the Shining One.
  9961 | D:8      | Found a shimmering altar of Xom.
  9962 | D:8      | Found the +7 mace of Variability {chain chaos}
 10696 | D:9      | Found Kaoxussi's Antique Armour Emporium.
 10808 | D:9      | Bought a sheer robe for 125 gold pieces
 10818 | D:9      | Identified the +1 robe of the Lich-sworn {rElec rF+++ MR+++
                  | Dex-4} (You bought it in a shop on level 9 of the Dungeon)
 10842 | D:9      | Found an iron altar of Okawaru.
 10982 | D:9      | Reached skill level 5 in Fighting
 11008 | D:9      | Offered knowledge of Throw Frost by Vehumet.
 11163 | D:9      | Reached ** piety under Vehumet
 11175 | D:9      | Found a stormy altar of Qazlal.
 11321 | D:10     | Entered Level 10 of the Dungeon
 11411 | D:10     | Identified a scroll of acquirement
 11414 | D:10     | Got a smoking brass ring
 11416 | D:10     | Identified the ring "Veskas" {rPois Str+4 Dex-5 Stlth+}
                  | (You acquired it on level 10 of the Dungeon)
 11472 | D:10     | Noticed Erolcha
 11555 | D:10     | Killed Erolcha
 11615 | D:10     | Reached XP level 11. HP: 64/64 MP: 7/24
 11925 | D:11     | Learned a level 2 spell: Throw Frost
 11956 | D:11     | Noticed a six-headed hydra
 11964 | D:11     | Killed a six-headed hydra
 11964 | D:11     | Reached skill level 12 in Fire Magic
 11964 | D:11     | Reached skill level 5 in Evocations
 12070 | D:11     | Reached skill level 5 in Dodging
 12196 | D:11     | Found a staircase to the Orcish Mines.
 12303 | D:11     | Offered knowledge of Ignite Poison by Vehumet.
 12467 | D:11     | Reached *** piety under Vehumet
 12469 | D:11     | Noticed Nergalle
 12483 | D:11     | Killed Nergalle
 12803 | D:11     | Found Cuej's Pet Rocks.
 13346 | Lair:1   | Entered Level 1 of the Lair of Beasts
 13408 | Lair:1   | Noticed Harold
 13421 | Lair:1   | Killed Harold
 14427 | Lair:1   | Noticed Sonja
 14438 | Lair:1   | Killed Sonja
 14438 | Lair:1   | Reached skill level 13 in Fire Magic
 14957 | Lair:2   | Reached XP level 12. HP: 70/70 MP: 20/27
 15233 | Lair:2   | Reached skill level 10 in Conjurations
 15249 | Lair:2   | Learned a level 6 spell: Bolt of Fire
 15384 | Lair:2   | Noticed Erica
 15396 | Lair:2   | Killed Erica
 16556 | Lair:3   | Reached skill level 10 in Spellcasting
 16845 | Lair:3   | Offered knowledge of Stone Arrow by Vehumet.
 16853 | Lair:3   | Learned a level 3 spell: Stone Arrow
 17304 | Lair:3   | Found a hole to the Spider Nest.
 17467 | Lair:3   | Reached **** piety under Vehumet
 17727 | Lair:4   | Noticed a death yak
 17728 | Lair:4   | Noticed a death yak
 17731 | Lair:4   | Killed a death yak
 17732 | Lair:4   | Killed a death yak
 17732 | Lair:4   | Reached skill level 14 in Fire Magic
 17733 | Lair:4   | Noticed a death yak
 17734 | Lair:4   | Offered knowledge of Bolt of Magma by Vehumet.
 17739 | Lair:4   | Killed a death yak
 18345 | Lair:4   | Reached XP level 13. HP: 72/76 MP: 30/30
 18773 | Lair:4   | Found a staircase to the Shoals.
 19120 | Lair:4   | Learned a level 5 spell: Bolt of Magma
 19191 | Lair:4   | Reached ***** piety under Vehumet
 19198 | Lair:4   | Offered knowledge of Bolt of Draining by Vehumet.
 19521 | Lair:4   | Slain by a six-headed hydra

Levels and vault maps discovered:
D:1:      arrival_aquarium_a, layout_loops_ring, st_stairs_4
D:2:      layout_rooms, overflow_temple_1_default
D:3:      layout_loops_ring, lemuel_round_altar, gammafunk_ghost_nasty_kobolds,
          first_ration, nemelex_dance_club_becter
D:4:      layout_cave_pools, chequers_temple_overflow_statue_of_worship,
          temple_doors_e, gammafunk_ghost_grave
D:5:      layout_cave_pools
D:6:      layout_basic, xom_confusion_cloud, lemuel_round_altar, trog_book
D:7:      layout_basic, vehumet_statue, gammafunk_temple_overflow_wave,
          gammafunk_ghost_grave, minmay_manual_mail
D:8:      layout_loops_ring, old_standard_altar, due_lair_maze_entry_diamond,
          serial_shops, shop, the_bakery, minmay_guarded_unrand_variability,
          uniq_pikel, uniq_maurice, uniq_grum
D:9:      layout_long_grid, okawaru_gym_becter, lemuel_doored_altar,
          serial_shops, nicolae_shop_waterfront
D:10:     layout_cave_pools, uniq_erolcha
D:11:     layout_roguey, david_orc_2, guppyfry_shop_earth, uniq_nergalle
D:12:     layout_stronghold, serial_shops, shop
Temple:   cyrus_temple_forest
Lair:1:   layout_small_grid, uniq_harold, uniq_sonja
Lair:2:   layout_gridlike, serial_forest, infiniplex_forest_clump_large,
          infiniplex_forest_pool, infiniplex_forest_clump_C,
          infiniplex_forest_straight_3, infiniplex_forest_lined_room_3,
          infiniplex_forest_fountain, infiniplex_forest_lined_2,
          infiniplex_forest_end_3, infiniplex_forest_clump_long,
          minmay_lair_oklob_chamber, serial_bayou_shore_a, uniq_erica
Lair:3:   layout_small_grid, nicolae_spider_entry_tight_spaces,
          cheibrodos_lair_caveside_slide, grunt_megastairs_2
Lair:4:   layout_cave_pods, elwin_shoals_entry_stream,
          chequers_serial_rivers_small_3, beast_lair_carwin_8,
          serial_bayou_shore_b, grunt_megastairs_1

Skill      XL: |  1  2  3  4  5  6  7  8  9 10 11 12 13 |
---------------+----------------------------------------+-----
Fire Magic     | 4 5 6 7 9 10 11 13 14 | 14.6
Fighting       | 1 2 3 4 5 6 7 |  7.3
Spellcasting   | 4 5 7 9 11 | 11.8
Conjurations   | 2 3 4 5 7 8 9 10 11 | 11.0
Dodging        | 3 4 5 6 |  6.0
Evocations     | 3 4 6 8 |  8.6
Short Blades   | 1 |  1.5
Shields        | 1 2 |  2.1
Polearms       | |  0.7
Staves         | |  0.4
Stealth        | |  2.4
Unarmed Combat | |  0.6

Action                   |  1- 3 |  4- 6 |  7- 9 | 10-12 | 13-15 || total
-------------------------+-------+-------+-------+-------+-------++-------
Melee: Unarmed           |     1 |       |       |       |       ||     1
       Spear             |    22 |    28 |    12 |       |       ||    62
       Short sword       |       |       |    22 |    12 |       ||    34
       Dagger            |       |       |       |   103 |     3 ||   106
       Staff             |       |       |       |    21 |    15 ||    36
 Cast: Flame Tongue      |    68 |    86 |    84 |    37 |       ||   275
       Throw Flame       |    10 |    62 |   133 |   207 |    26 ||   438
       Sticky Flame      |       |       |    17 |    80 |    12 ||   109
       Fireball          |       |       |     6 |    30 |    10 ||    46
       Conjure Flame     |       |       |       |     2 |       ||     2
       Throw Frost       |       |       |       |     1 |     3 ||     4
       Bolt of Fire      |       |       |       |    27 |    12 ||    39
       Bolt of Magma     |       |       |       |       |     3 ||     3
Evoke: Wand              |       |       |     7 |    25 |     1 ||    33
  Use: Scroll            |       |     3 |     3 |    15 |     5 ||    26
       Potion            |       |       |     3 |     3 |       ||     6
 Stab: Sleeping          |     1 |     1 |       |     1 |       ||     3
       Paralysed         |       |       |       |     1 |       ||     1
  Eat: Chunk             |     1 |    10 |    17 |    43 |     8 ||    79
       Ration            |       |       |       |     1 |       ||     1
Armor: Robe              |    12 |     6 |     7 |    21 |     9 ||    55
Dodge: Dodged            |    36 |    40 |    64 |   174 |    23 ||   337
Block: Buckler           |     1 |    11 |    18 |    13 |       ||    43
       Shield            |       |       |       |    63 |    15 ||    78

Table legend:
 A = Non-vault XP
 B = Vault XP
 C = Vault XP percentage of total XP
 D = Non-vault monster count
 E = Vault monster count
 F = Vault count percentage of total count
                 A         B        C        D         E       F
            +---------+---------+-------+---------+---------+-------
      Total |   33438 |   14727 |  30.6 |     340 |      67 |  16.5
            +---------+---------+-------+---------+---------+-------
        D:1 |      38 |       3 |   7.3 |      21 |       2 |   8.7
        D:2 |      71 |       0 |   0.0 |      28 |       0 |   0.0
        D:3 |     346 |      10 |   2.8 |      44 |       2 |   4.3
        D:4 |     461 |       0 |   0.0 |      26 |       0 |   0.0
        D:5 |     449 |       0 |   0.0 |      16 |       0 |   0.0
        D:6 |     429 |     270 |  38.6 |       7 |       6 |  46.2
        D:7 |    1968 |    1461 |  42.6 |      26 |      10 |  27.8
        D:8 |     934 |    1899 |  67.0 |      28 |      12 |  30.0
        D:9 |    1213 |       0 |   0.0 |      16 |       0 |   0.0
       D:10 |     502 |    1033 |  67.3 |       6 |       1 |  14.3
       D:11 |    3393 |    1393 |  29.1 |      35 |      13 |  27.1
     Lair:1 |    3805 |    1815 |  32.3 |      16 |       2 |  11.1
     Lair:2 |    1791 |    2178 |  54.9 |       8 |       4 |  33.3
     Lair:3 |    6209 |    1739 |  21.9 |      27 |       7 |  20.6
     Lair:4 |   11829 |    2926 |  19.8 |      36 |       8 |  18.2
            +---------+---------+-------+---------+---------+-------
